[Event "Late-Titled-Tuesday-Blitz-May-14-2024"]
[Site "Chess.com"]
[Date "2024.05.14"]
[Round "9"]
[White "Leebit02"]
[Black "bubeliang"]
[Result "1-0"]
[WhiteElo "2614"]
[BlackElo "2795"]
[TimeControl "180+1"]
[EndTime "15:43:05 PDT"]
[Termination "Leebit02 won by resignation"]

1. d4 d5 2. c4 e6 3. Nf3 Nf6 4. g3 Bb4+ 5. Nbd2 dxc4 6. Bg2 b5 7. O-O O-O 8. a4 c6 9. Ne1 Nd5 10. Nc2 Bd6 11. e4 Nb6 12. axb5 cxb5 13. e5 Bc7 14.
Bxa8 Nxa8 15. Rxa7 Nb6 16. Ne4 Nc6 17. Ra1 Bb7 18.
Re1 Qd5 19. Qg4 Kh8 20. Bg5 Nd7 21. Nc3 Qg2+ 22. Kxg2 Ncxe5+ 23. Qe4 Bxe4+ 24. Rxe4 Nd3 25. Nxb5 Bb6 26. Ra2 h6 27. Be7 Re8 28. Bd6 Nf6 29. Re2 Nc1 30. Ra6 Nxe2 31. Rxb6 Ne4 32. Ba3 Nf6 33. Nd6 Rf8 34. Nxc4 Ra8 35. Ne5 Nd5 36.
Rb7 f6 37. Nc6 Rc8 38. Rb8 Rxb8 39. Nxb8 Kg8 40. Na6 Nc1 41. Nc5 Kf7 42. Kf1 e5 43. dxe5 fxe5 44. Ke1 Na2 45. Kd2 Kf6 46. Ne4+ Kf5 47.
f3 Nb6 48. Ne3+ Ke6 49. Kc2 g5 50. Nc5+ Kf6 51. Nd3 Na4 52. Kb3 N2c3 53. bxc3 Nb6 54.
c4 1-0

[Event "Late-Titled-Tuesday-Blitz-May-14-2024"]
[Site "Chess.com"]
[Date "2024.05.14"]
[Round "9"]
[White "bazar-wokzal"]
[Black "Licancabur"]
[Result "0-1"]
[WhiteElo "2588"]
[BlackElo "2502"]
[TimeControl "180+1"]
[EndTime "15:43:05 PDT"]
[Termination "Licancabur won by resignation"]

1. g4 d5 2. Bg2 Bxg4 3. c4 c6 4. Qb3 Qb6 5. cxd5 Nf6 6. Nc3 cxd5 7. Nxd5 Nxd5 8. Bxd5 Qxb3 9. axb3 Nc6 10. Bxc6+ bxc6 11. d3 e5 12. Be3 a5 13. Bd2 Bc5 14. Rxa5 Rxa5 15. Bxa5 Kd7 16. b4 Bd4 17. Nf3 Bxf3 18. exf3 Rb8 19. Kd2 Bxb2 20. Rg1 g6 21. h4 h5 22. Rb1 Bd4 23. Ke2 Rb5 24. Rc1 Ba7 25. Rc4 Rd5 26. f4 exf4 27. Rxf4 f5 28. Rc4 Rd4 29. Kf3 Rg4 30. Rf4 Rxf4+ 31. Kxf4 Bxf2 32. Kg5 Bg3 33. Kxg6 f4 34. Kxh5 f3 35. Bb6 f2 36.
Bxf2 Bxf2 37. Kg6 Bxh4 38. Kf5 Kd6 39. Ke4 Be1 0-1

[Event "Late-Titled-Tuesday-Blitz-May-14-2024"]
[Site "Chess.com"]
[Date "2024.05.14"]
[Round "9"]
[White "MagnusCarlsen"]
[Black "kingofthenil"]
[Result "1-0"]
[WhiteElo "3200"]
[BlackElo "2887"]
[TimeControl "180+1"]
[EndTime "15:43:07 PDT"]
[Termination "MagnusCarlsen won by resignation"]

1. Nf3 d5 2. g3 Nf6 3. Bg2 e6 4. O-O Be7 5. d3 O-O 6. a4 h6 7.
a5 c5 8. e4 Nc6 9. a6 bxa6 10. e5 Nh7 11. c4 Rb8 12. Nc3 Nb4 13. Qe2 dxc4 14. dxc4 Qd3 15. Rd1 Qxe2 16. Nxe2 Rd8 17.
Rxd8+ Bxd8 18. Ne1 Bb7 19. Bd2 Bxg2 20. Kxg2 Nc6 21.
Bc3 a5 22. Nd3 Bb6 23. f4 Nf8 24. Kf3 Ng6 25. g4 Rd8 26. Ke4 Nge7 27. Nf2 Nb4 28. f5 Nec6 29. Nf4 exf5+ 30. gxf5 Re8 31. N2d3 Nxd3 32. Nxd3 Nxe5 33. Nxe5 f6 34. Kd5 fxe5 35. Bxe5 Rd8+ 36. Ke4 Kf7 37. Rg1 Rg8 38. Rg6 Bd8 39.
Kd5 Bb6 40. h4 h5 41. b3 Rd8+ 42. Ke4 Rg8 43. Rg5 Bd8 44. Rxh5 Re8 45. Kd5 Bf6 46. Bxf6 Kxf6 47. Kxc5 Re3 48. Kb5 Rxb3+ 49. Kxa5 Rc3 50.
Kb5 a6+ 51. Kb4 Rc1 52. c5 a5+ 53. Kb5 a4 54. Rh8 a3 55. Ra8 Rc3 56. Kb4 Rh3 57. c6 Ke7 58. c7 Rxh4+ 59. Kxa3 Rc4 60. c8=Q Rxc8 61. Rxc8 Kf6 62. Rc7 Kxf5 63. Rxg7 1-0

[Event "Late-Titled-Tuesday-Blitz-May-14-2024"]
[Site "Chess.com"]
[Date "2024.05.14"]
[Round "9"]
[White "AlexeiShirov"]
[Black "Crazy_girl99"]
[Result "1-0"]
[WhiteElo "2909"]
[BlackElo "2636"]
[TimeControl "180+1"]
[EndTime "15:43:07 PDT"]
[Termination "AlexeiShirov won by checkmate"]

1. e4 e5 2. Nf3 Nc6 3. Bb5 a6 4. Ba4 Nf6 5. O-O Nxe4 6. d4 b5 7. Bb3 d5 8. dxe5 Be6 9. Be3 Be7 10. Nbd2 Nc5 11. Nd4 Nxd4 12. Bxd4 O-O 13. f4 Qd7 14. Qf3 Nxb3 15. Nxb3 Bf5 16. c3 a5 17. Qe3 Rfe8 18. Rae1 a4 19. Nc5 Qc6 20. a3 Rad8 21. h3 h5 22. Kh2 h4 23. Rg1 Qh6 24. Ref1 Kh7 25. Rf3 Bxc5 26. Bxc5 f6 27. Bd4 Be4 28. Rf2 fxe5 29.
fxe5 Qxe3 30. Bxe3 Rxe5 31. Rf4 g5 32. Rf7+ Kg6 33.
Rxc7 Rf8 34. Bd4 Re6 35. Re1 Rf7 36. Rc5 Rb7 37. Rc8 Rf7 38. Rc5 Rb7 39. Rf1 Bf5 40.
Rxd5 Be4 41. Rd8 Bc6 42. Rg8+ Kh7 43. Rxg5 Re2 44. Rf8 Kh6 45. Rg4 Kh7 46. Rh8# 1-0

[Event "Late-Titled-Tuesday-Blitz-May-14-2024"]
[Site "Chess.com"]
[Date "2024.05.14"]
[Round "9"]
[White "LeninGuerra"]
[Black "RespectfulDaveOnYouTube"]
[Result "0-1"]
[WhiteElo "2649"]
[BlackElo "2531"]
[TimeControl "180+1"]
[EndTime "15:43:07 PDT"]
[Termination "RespectfulDaveOnYouTube won by checkmate"]

1. e4 c5 2. Nf3 Nc6 3. Bb5 g6 4. O-O Nf6 5. Re1 Bg7 6. c3 O-O 7. Bf1 d5 8. e5 Ne8 9. d4 Bg4 10. Be3 Nc7 11. h3 Bxf3 12. Qxf3 cxd4 13. cxd4 Ne6 14.
Rd1 f6 15. Qg4 f5 16. Qh4 f4 17. Bc1 Ncxd4 18. Nc3 Bxe5 19. Qg4 Rf5 20. h4 Qd6 21.
Bd3 Rf6 22. Re1 Raf8 23. Bd2 h5 24. Qh3 f3 25. g4 Nf4 26. Bxf4 Rxf4 27. gxh5 gxh5 28.
Kf1 Rg4 29. Rxe5 Qxe5 30. Re1 Rg1+ 31. Kxg1 Qxe1+ 32. Kh2 Qxf2+ 33. Kh1 Rf4 34. Nxd5 Rxh4 35. Nxe7+ Kf7 36. Ng6 Rxh3# 0-1

[Event "Late-Titled-Tuesday-Blitz-May-14-2024"]
[Site "Chess.com"]
[Date "2024.05.14"]
[Round "9"]
[White "HajiyevKanan"]
[Black "BestestBP"]
[Result "1-0"]
[WhiteElo "2439"]
[BlackElo "2201"]
[TimeControl "180+1"]
[EndTime "15:43:08 PDT"]
[Termination "HajiyevKanan won by resignation"]

1. d4 Nf6 2. Nf3 d6 3. c4 g6 4. g3 Bg7 5. Bg2 O-O 6. O-O Nbd7 7. b3 e5 8. dxe5 Nxe5 9. Bb2 Nxf3+ 10. exf3 c6 11. Qd2 d5 12. Rd1 Be6 13. Na3 dxc4 14. Nxc4 Nd5 15. Bxg7 Kxg7 16. f4 Qf6 17. Qd4 Rfd8 18.
Qxf6+ Nxf6 19. Ne5 Ng4 20. Bf3 Nf6 21. Kg2 Nd5 22. Rac1 Nb4 23. a3 Na2 24. Ra1 Bxb3 25. Rxd8 Rxd8 26. Rb1 Be6 27. Rxb7 c5 28. Rc7 c4 29.
Nxc4 Rd3 30. Na5 Rxa3 31. Rxa7 Nb4 32. Nc6 Rxf3 33. Nxb4 Rc3 34. Ra5 h5 35. Nd5 Rd3 36.
Ne3 Rd4 37. f5 Bb3 38. h4 Rd7 39. Rb5 Ba4 40. Rb6 gxf5 41. Nxf5+ Kf8 42. Rb8+ Rd8 43. Rxd8+ Be8 44. Nd6 Ke7 45. Rxe8+ Kd7 1-0

[Event "Late-Titled-Tuesday-Blitz-May-14-2024"]
[Site "Chess.com"]
[Date "2024.05.14"]
[Round "9"]
[White "BardArtem"]
[Black "PenguinPacks"]
[Result "0-1"]
[WhiteElo "2730"]
[BlackElo "2558"]
[TimeControl "180+1"]
[EndTime "15:43:10 PDT"]
[Termination "PenguinPacks won on time"]

1. e4 c6 2. d4 d5 3. exd5 cxd5 4. c4 Nf6 5. Nc3 g6 6. cxd5 Nxd5 7. Nf3 Bg7 8. Bc4 Nb6 9. Bb3 O-O 10. O-O Bg4 11. h3 Bxf3 12. Qxf3 Nc6 13. Be3 Rc8 14. Rad1 Na5 15.
Rfe1 e6 16. d5 Nxb3 17. dxe6 Qe7 18. axb3 fxe6 19. Qe4 Rf5 20. Bxb6 Re5 21. Qg4 axb6 22. Rxe5 Bxe5 23. Nd5 Qf7 24. Nxb6 Rc2 25. Rf1 h5 26. Qe4 Qf5 27. Qxb7 Bd4 28. Kh1 Rxf2 29. Qc8+ Kh7 30.
Qc7+ Kh6 31. Qc1+ Kh7 32. Rxf2 Qxf2 33. Nc4 e5 34. b4 e4 35. Nd6 e3 36. Qc7+ Bg7 37.
Ne4 Qf5 38. Qe7 e2 39. Kh2 Qe5+ 0-1

[Event "Late-Titled-Tuesday-Blitz-May-14-2024"]
[Site "Chess.com"]
[Date "2024.05.14"]
[Round "9"]
[White "Orest_Vovk"]
[Black "SHIVACalypso"]
[Result "0-1"]
[WhiteElo "2669"]
[BlackElo "2563"]
[TimeControl "180+1"]
[EndTime "15:43:12 PDT"]
[Termination "SHIVACalypso won by resignation"]

1. h4 h5 2. Nf3 c5 3. Nc3 Nc6 4.
Ng5 d5 5. e4 d4 6. Ne2 Nh6 7. Ng3 Qc7 8. Nxh5 Ng4 9. Bc4 Nce5 10. Bb5+ Bd7 11. Bxd7+ Qxd7 12. f4 Rxh5 13. fxe5 Rxg5 14.
hxg5 Nxe5 15. d3 c4 16. Bf4 Nc6 17. g6 e5 18. gxf7+ Qxf7 19. Bg5 Bb4+ 20. Bd2 c3 21.
bxc3 dxc3 22. Be3 O-O-O 23. Qf3 Qe7 24. Qf5+ Rd7 25. Rh8+ Kc7 26. Rb1 Bc5 27. Bxc5 Qxc5 28. Qf2 Nd4 29. Re8 Nxc2+ 30. Kf1 Nd4 31. Rc1 c2 32. Qd2 Rf7+ 33. Kg1 Nf3+ 34. Kh1 Nxd2 35. Rxc2 Qxc2 0-1

[Event "Late-Titled-Tuesday-Blitz-May-14-2024"]
[Site "Chess.com"]
[Date "2024.05.14"]
[Round "9"]
[White "WALDOCHESS"]
[Black "Mbneu"]
[Result "0-1"]
[WhiteElo "2052"]
[BlackElo "2282"]
[TimeControl "180+1"]
[EndTime "15:43:12 PDT"]
[Termination "Mbneu won by resignation"]

1. c4 Nf6 2. Nc3 e6 3. e4 d5 4. e5 Ne4 5. Nf3 c5 6. d4 Nc6 7. Be2 cxd4 8. Nxd4 Bc5 9. Nxc6 bxc6 10. Nxe4 dxe4 11.
Qxd8+ Kxd8 12. O-O Kc7 13. a3 a5 14. Rb1 a4 15. Bf4 Bd4 16. b4 axb3 17. Rxb3 c5 18. Be3 Rb8 19. Rfb1 Rxb3 20. Rxb3 Ba6 21. g4 Rb8 22.
Rxb8 Kxb8 23. Kg2 Bxe3 24. fxe3 Kc7 25. g5 Kb6 26. Kg3 Ka5 27. Kf4 Ka4 28. Kxe4 Kxa3 29. Kd3 Kb4 30. Kd2 Bxc4 31. Bf3 Bd5 32. e4 Bb3 33. h4 c4 34. h5 c3+ 35. Kc1 Kc4 36.
Bg4 Kd4 37. Bf5 g6 38. hxg6 hxg6 39. Bg4 Kxe4 40. Be2 Kxe5 41. Bb5 Kf4 42. Be8 Kxg5 43. Bxf7 e5 44. Bxb3 Kf4 45. Kd1 e4 46. Ke2 e3 47.
Bd5 g5 48. Kd3 g4 49. Kxc3 Kg3 50. Kc2 Kf2 51. Bc4 e2 52. Bxe2 Kxe2 53. Kc3 g3 54.
Kd4 g2 0-1

[Event "Late-Titled-Tuesday-Blitz-May-14-2024"]
[Site "Chess.com"]
[Date "2024.05.14"]
[Round "9"]
[White "Mikayel99"]
[Black "oskariot"]
[Result "1-0"]
[WhiteElo "2650"]
[BlackElo "2786"]
[TimeControl "180+1"]
[EndTime "15:43:13 PDT"]
[Termination "Mikayel99 won on time"]

1. e4 c5 2. c3 d6 3. d4 Nf6 4. Bd3 g6 5. h3 Bg7 6. Nf3 O-O 7. O-O Nfd7 8. a3 Nc6 9. Be3 cxd4 10. cxd4 e5 11. Bc4 Nb6 12. Ba2 d5 13. dxe5 dxe4 14. Qxd8 Rxd8 15. Ng5 Nxe5 16. Nc3 Nbc4 17. Rad1 Rf8 18. Ngxe4 Nxe3 19. fxe3 b6 20. Nd6 Ba6 21. Rf2 Rad8 22. Nce4 Nc4 23. Rd5 Nxe3 24. Rdd2 Bh8 25. Nxf7 Rxd2 26. Rxd2 Kg7 27. Neg5 Re8 28. Rd7 Kf6 29.
Nxh7+ Kf5 30. Nd6+ Ke5 31. Nxe8 Bf6 32. Nexf6 Bc4 33.
Bxc4 1-0

[Event "Late-Titled-Tuesday-Blitz-May-14-2024"]
[Site "Chess.com"]
[Date "2024.05.14"]
[Round "9"]
[White "yobdc"]
[Black "Puzzlebot_1294"]
[Result "1-0"]
[WhiteElo "2515"]
[BlackElo "2621"]
[TimeControl "180+1"]
[EndTime "15:43:13 PDT"]
[Termination "yobdc won by resignation"]

1. e4 e5 2. Nf3 Nc6 3. Bc4 Bc5 4. c3 Nf6 5. d4 exd4 6. e5 d5 7.
Bb5 Ne4 8. cxd4 Bb6 9. Nc3 O-O 10. Be3 Bg4 11. h3 Bh5 12. Qc2 Bg6 13. Qb3 Ne7 14.
O-O Nf5 15. Qxd5 Nxc3 16. Qxd8 Ne2+ 17. Bxe2 Raxd8 18. Rfd1 c6 19. a4 a5 20. Ra3 Rd7 21. Rb3 Bd8 22. g4 Ne7 23. Nh4 Nd5 24. Nxg6 hxg6 25. Bf3 Nb4 26. Rc3 Re8 27. Kg2 Bb6 28.
Rc4 Red8 29. Rd2 Ba7 30. Be4 c5 31. Bg5 Rxd4 32. Rdxd4 Rxd4 33. Rxd4 cxd4 34. Bxb7 Nd3 35. Bd8 Nxb2 36. Bc6 Nc4 37. Bb5 Nxe5 38. Bxa5 Kf8 39. Bb4+ Kg8 40. a5 d3 41. f4 d2 42. Bxd2 f6 43.
fxe5 fxe5 44. Kf3 Kf7 45. Be3 Ke6 46. Bxa7 1-0

[Event "Late-Titled-Tuesday-Blitz-May-14-2024"]
[Site "Chess.com"]
[Date "2024.05.14"]
[Round "9"]
[White "jefferyx"]
[Black "FLamps8"]
[Result "1-0"]
[WhiteElo "3077"]
[BlackElo "2712"]
[TimeControl "180+1"]
[EndTime "15:43:14 PDT"]
[Termination "jefferyx won by resignation"]

1. b4 e5 2. a3 d5 3. Bb2 Bd6 4.
e3 Nf6 5. Nf3 Qe7 6. d4 e4 7. Nfd2 c6 8. c4 O-O 9. Nc3 Be6 10. Be2 a5 11. b5 Nbd7 12. g4 Ne8 13. Qb3 f5 14. cxd5 cxd5 15. Nxd5 Qf7 16. Bc4 Kh8 17. Nc3 Bxc4 18. Qxc4 Qe7 19. gxf5 Nef6 20. Qe6 Rae8 21. Nc4 Bc7 22. Qxe7 Rxe7 23. a4 Rc8 24.
Ba3 Rf7 25. Rc1 Nb6 26. Nd2 Re8 27. Ke2 Nbd5 28. Nxd5 Nxd5 29. Nc4 Rxf5 30. Bd6 Bd8 31. Be5 Ref8 32. Bg3 h5 33. Nd6 Rf3 34. Nxe4 h4 35. Be5 Kh7 36. Rhg1 R3f7 37. Rc8 Nb6 38. Rxd8 Rxd8 39.
Ng5+ Kg8 40. Nxf7 Kxf7 41. Rxg7+ Ke6 42. Rg6+ 1-0

[Event "Late-Titled-Tuesday-Blitz-May-14-2024"]
[Site "Chess.com"]
[Date "2024.05.14"]
[Round "9"]
[White "manitodeplomo"]
[Black "NajdorfPlayerc5"]
[Result "1-0"]
[WhiteElo "2563"]
[BlackElo "2406"]
[TimeControl "180+1"]
[EndTime "15:43:18 PDT"]
[Termination "manitodeplomo won on time"]

1. d4 Nf6 2. c4 e6 3. Nf3 b6 4. g3 Bb7 5. Bg2 Be7 6. Nc3 Ne4 7. Bd2 O-O 8. d5 Nxc3 9. Bxc3 Bf6 10. Nd4 c5 11.
Nb5 Bxc3+ 12. Nxc3 e5 13. O-O d6 14. e4 Nd7 15. f4 Qf6 16. Bh3 Rad8 17. Qa4 Bc8 18. Qxa7 exf4 19. gxf4 Qd4+ 20. Kh1 Qxc4 21. Rae1 Qa6 22.
Qc7 Ne5 23. Bxc8 Rxc8 24. Qxd6 Nc4 25. Qd7 Nxb2 26. e5 Nd3 27. Re2 Qc4 28. Ne4 Nxe5 29. fxe5 Qxe2 30. Qf5 Rcd8 31. Nd6 Qd2 32. Qf3 f6 33. Nf5 fxe5 34. Ne7+ 1-0

[Event "Late-Titled-Tuesday-Blitz-May-14-2024"]
[Site "Chess.com"]
[Date "2024.05.14"]
[Round "9"]
[White "noret"]
[Black "zverr1"]
[Result "0-1"]
[WhiteElo "2135"]
[BlackElo "2444"]
[TimeControl "180+1"]
[EndTime "15:43:18 PDT"]
[Termination "zverr1 won on time"]

1. e4 c5 2. Nf3 Nc6 3. d4 cxd4 4. Nxd4 Nf6 5. Nc3 e5 6. Ndb5 d6 7. Nd5 Nxd5 8. exd5 Nb8 9. c4 Be7 10. Be3 O-O 11. Bd3 f5 12. f4 a6 13. Nc3 exf4 14.
Bxf4 Bg5 15. Bxg5 Qxg5 16. O-O Nd7 17. Be2 Ne5 18. Qd4 Qf6 19. Rad1 Bd7 20. Kh1 Rac8 21. b4 Ng6 22. Qd3 Qg5 23. Qd4 Rfe8 24. Bd3 Re5 25. Ne2 Rce8 26. Nf4 Qf6 27. Qf2 Re3 28. Nh5 Qg5 29.
Bxf5 Re2 30. Be6+ Kh8 31. Qxe2 Bxe6 32. dxe6 Ne5 33. Ng3 h6 34. Qf2 Ng6 35. Rxd6 Qe5 36. Rd7 Rxe6 37. Qf7 Kh7 38. Nh5 Qg5 39. Nxg7 Re7 40.
Rxe7 Ne5 0-1

[Event "Late-Titled-Tuesday-Blitz-May-14-2024"]
[Site "Chess.com"]
[Date "2024.05.14"]
[Round "9"]
[White "Grischuk"]
[Black "DrVelja"]
[Result "0-1"]
[WhiteElo "3107"]
[BlackElo "2921"]
[TimeControl "180+1"]
[EndTime "15:43:19 PDT"]
[Termination "DrVelja won by resignation"]

1. d4 d5 2. c4 c6 3. Nf3 Nf6 4.
cxd5 cxd5 5. Nc3 Nc6 6. Bf4 Bf5 7. Qb3 Na5 8. Qa4+ Bd7 9. Qc2 e6 10. e3 Rc8 11. Bd3 Bb4 12. O-O Nh5 13. a3 Bxc3 14.
bxc3 Nxf4 15. exf4 Qc7 16. Ne5 Qxc3 17. Qd1 Nc6 18.
Nxd7 Kxd7 19. Bb5 Ke7 20. Bxc6 Rxc6 21. a4 Rc4 22. Qg4 Qxd4 23. g3 g6 24. Rab1 b6 25. a5 Rb8 26. axb6 axb6 27. Rfd1 Qf6 28. Ra1 Kf8 29. Ra7 b5 30. Qf3 b4 31. Rb1 Qc3 32.
Qe2 b3 33. Ra3 Qc1+ 34. Rxc1 Rxc1+ 35. Kg2 b2 36. Qe5 b1=Q 37. Qh8+ Ke7 38. Ra7+ Rb7 39. Ra8 Rg1+ 40. Kh3 Qf5+ 0-1

[Event "Late-Titled-Tuesday-Blitz-May-14-2024"]
[Site "Chess.com"]
[Date "2024.05.14"]
[Round "9"]
[White "PawnEatingZombie"]
[Black "urano56"]
[Result "0-1"]
[WhiteElo "2307"]
[BlackElo "2438"]
[TimeControl "180+1"]
[EndTime "15:43:22 PDT"]
[Termination "urano56 won on time"]

1. e4 c5 2. Nc3 a6 3. g3 b5 4. Bg2 Bb7 5. d3 e6 6. f4 d5 7. Nh3 dxe4 8. Nxe4 Qc8 9. O-O Be7 10. Qg4 g6 11. Qe2 Nf6 12. b3 Nxe4 13. Bxe4 Bf6 14. Rb1 Nc6 15. Be3 Nd4 16. Qf2 Be7 17. c3 Nf5 18.
Bd2 O-O 19. Ng5 f6 20. Nf3 Rd8 21.
Rbd1 c4 22. Bxb7 Qxb7 23. bxc4 bxc4 24. d4 Nd6 25. g4 Ne4 26. Qe3 f5 27. Ne5 Qd5 28.
Be1 Rac8 29. g5 Rb8 30. h4 Rb2 31. h5 Nxc3 32. Rd2 Rxd2 33. Qxd2 Qxd4+ 34. Qxd4 Ne2+ 35. Kf2 Nxd4 36. hxg6 hxg6 37. Nxg6 Bc5 38. Kg3 Nc6 39. Rh1 Rd1 40. Rh8+ Kg7 0-1

[Event "Late-Titled-Tuesday-Blitz-May-14-2024"]
[Site "Chess.com"]
[Date "2024.05.14"]
[Round "9"]
[White "tarno17"]
[Black "HanSchut"]
[Result "1-0"]
[WhiteElo "2221"]
[BlackElo "2347"]
[TimeControl "180+1"]
[EndTime "15:43:22 PDT"]
[Termination "tarno17 won by checkmate"]

1. e4 c5 2. Nf3 d6 3. Bb5+ Bd7 4. Bxd7+ Qxd7 5. O-O Nc6 6. d3 g6 7. Nc3 Bg7 8. Ne2 b5 9. h3 a5 10. Nf4 e6 11. c3 Nge7 12. Re1 O-O 13. d4 c4 14. d5 Ne5 15. Nxe5 Bxe5 16. Ne2 exd5 17. exd5 Qb7 18. Bh6 Rfe8 19. Nf4 Bxf4 20. Bxf4 Qxd5 21.
Qxd5 Nxd5 22. Bxd6 b4 23. cxb4 axb4 24. a3 c3 25.
bxc3 bxc3 26. Rad1 Rxe1+ 27. Rxe1 Rd8 28. Bc5 Rc8 29. Be3 Nxe3 30. fxe3 f5 31. Rc1 Kf7 32. Kf2 Ke6 33. Ke2 Ke5 34. Kd3 g5 35. Rxc3 Rxc3+ 36. Kxc3 Ke4 37. a4 Kxe3 38. a5 Kf2 39. a6 Kxg2 40. a7 f4 41. a8=Q+ f3 42. Qe4 h5 43.
Kd2 Kg3 44. Ke3 g4 45. hxg4 hxg4 46. Qe5+ Kg2 47. Qf4 Kh3 48. Kf2 Kh4 49. Qh6# 1-0

[Event "Late-Titled-Tuesday-Blitz-May-14-2024"]
[Site "Chess.com"]
[Date "2024.05.14"]
[Round "9"]
[White "Individoom"]
[Black "hblanco"]
[Result "0-1"]
[WhiteElo "2768"]
[BlackElo "2625"]
[TimeControl "180+1"]
[EndTime "15:43:24 PDT"]
[Termination "hblanco won on time"]

1. d4 d5 2. Nf3 Nf6 3. Bf4 c5 4. e3 Nc6 5. Nbd2 Bf5 6. dxc5 e6 7.
Nd4 Bg6 8. Bb5 Qc8 9. b4 Be7 10. O-O O-O 11. Nxc6 bxc6 12. Bd3 a5 13. a3 Nd7 14. Bxg6 hxg6 15. c4 Bf6 16. Rb1 axb4 17.
axb4 Ra2 18. Bd6 Re8 19. cxd5 exd5 20. Nb3 Ne5 21. Bxe5 Bxe5 22. Nd4 Bxd4 23. Qxd4 Re4 24. Qd3 Rc4 25. Rfc1 Qe6 26. Qb3 Rd2 27. Rd1 Rdc2 28. Ra1 Qf6 29. Rf1 Rb2 30. Qa4 Rcc2 31. Qa8+ Kh7 32.
Kh1 Rxb4 33. Qc8 g5 34. Ra8 Rxf2 35. Rg1 Rh4 36. Qg8+ Kg6 37. Rd8 Qe5 38. Rd6+ f6 39. h3 Rxh3+ 0-1

[Event "Late-Titled-Tuesday-Blitz-May-14-2024"]
[Site "Chess.com"]
[Date "2024.05.14"]
[Round "9"]
[White "azikom"]
[Black "AccioChess"]
[Result "1-0"]
[WhiteElo "2703"]
[BlackElo "2488"]
[TimeControl "180+1"]
[EndTime "15:43:27 PDT"]
[Termination "azikom won by checkmate"]

1. d4 Nf6 2. c4 g6 3. Nc3 d5 4. Bg5 Bg7 5. e3 O-O 6. Bxf6 Bxf6 7. cxd5 c5 8. dxc6 Nxc6 9. Bb5 Qb6 10. Nge2 Rd8 11. O-O e5 12. d5 Ne7 13. Qb3 Bg7 14. Rfd1 a6 15. Bc4 Qxb3 16. Bxb3 Nf5 17. Ne4 Nd6 18.
Nxd6 Rxd6 19. Rac1 Bg4 20. Kf1 e4 21. Rc7 b5 22. h3 Bxe2+ 23. Kxe2 Bxb2 24. Rb1 Be5 25. Rb7 Rc8 26. f3 exf3+ 27. gxf3 Kf8 28. f4 Bg7 29. e4 Re8 30. Kd3 f6 31. h4 Re7 32.
Rb8+ Kf7 33. Rf1 Red7 34. h5 Ke7 35. hxg6 hxg6 36. Rg1 f5 37. e5 Rxd5+ 38. Bxd5 Rxd5+ 39. Ke2 Bh6 40. Rb7+ Kf8 41. Rxg6 Bxf4 42. e6 Bd6 43. Rf7+ Ke8 44. Rg8+ Bf8 45. Rgxf8# 1-0

[Event "Late-Titled-Tuesday-Blitz-May-14-2024"]
[Site "Chess.com"]
[Date "2024.05.14"]
[Round "9"]
[White "only_strong_moves"]
[Black "GiorgianBarbosa"]
[Result "1-0"]
[WhiteElo "2668"]
[BlackElo "2518"]
[TimeControl "180+1"]
[EndTime "15:43:28 PDT"]
[Termination "only_strong_moves won by checkmate"]

1. Nc3 c5 2. Nf3 g6 3. h4 Bg7 4.
d4 cxd4 5. Nxd4 Nc6 6. Nb3 Nf6 7.
g3 d6 8. Bg2 Bg4 9. Be3 O-O 10.
Qd2 Ne5 11. Qd4 Nfd7 12. O-O-O Rc8 13. Kb1 Nb6 14. Bc1 Rc4 15. Qe3 Rc7 16. Nd5 Nxd5 17. Bxd5 Bf5 18. Nd4 Bd7 19. Qb3 e6 20. Bg2 d5 21. h5 Nc4 22. e4 Bc6 23. exd5 exd5 24. hxg6 hxg6 25. g4 Re8 26. Qh3 Qf6 27. Qh7+ Kf8 28.
Bh6 Bxh6 29. Qxh6+ Qg7 30. Qf4 Rce7 31. g5 Kg8 32.
Qf6 Re5 33. b3 Qxf6 34. gxf6 Nd6 35. Kb2 Ne4 36. Bxe4 Rxe4 37. Rh3 Re1 38. Rdd3 R1e4 39. Rh2 Bd7 40. Rd1 Rf4 41. Rdh1 Rxf6 42. Rh8+ Kg7 43. R1h7# 1-0

[Event "Late-Titled-Tuesday-Blitz-May-14-2024"]
[Site "Chess.com"]
[Date "2024.05.14"]
[Round "9"]
[White "StoreySniper"]
[Black "FaustinoOro"]
[Result "1/2-1/2"]
[WhiteElo "2555"]
[BlackElo "2917"]
[TimeControl "180+1"]
[EndTime "15:43:31 PDT"]
[Termination "Game drawn by repetition"]

1. e4 e5 2. Nf3 Nc6 3. Nc3 Nf6 4. Bb5 Bb4 5. Bxc6 bxc6 6. d3 d6 7. Bd2 O-O 8. Ne2 Bc5 9. Bg5 Rb8 10. b3 Bb6 11.
O-O h6 12. Bh4 Bg4 13. Ng3 g5 14. Qd2 gxh4 15. Nxh4 Nxe4 16. Qxh6 Qf6 17. Ngf5 Bxf5 18. Nxf5 Qxf5 19. dxe4 Qxe4 20. Rad1 Qg6 21. Qh3 e4 22. Qc3 d5 23. Kh1 f5 24. a4 a5 25. f4 Rbe8 26.
Rde1 Qf6 27. Qd2 Kf7 28. c4 Rh8 29. g3 d4 30. c5 Bxc5 31. Qxa5 Bd6 32. Qa6 Rh3 33.
Qxc6 Reh8 34. Qd7+ Kg6 35. Re2 d3 36. Rg2 e3 37. g4 Rxh2+ 38. Rxh2 Rxh2+ 39. Kxh2 Qh4+ 40. Kg2 Qxg4+ 41. Kh1 e2 42. Qe8+ Kg7 43. Rg1 Qxg1+ 44. Kxg1 Bc5+ 45. Kg2 Bb4 46. Qd7+ Kg6 47. Qe8+ Kg7 48.
Qd7+ Kg6 49. Qe8+ Kg7 1/2-1/2

[Event "Late-Titled-Tuesday-Blitz-May-14-2024"]
[Site "Chess.com"]
[Date "2024.05.14"]
[Round "9"]
[White "emiliocordova"]
[Black "GothamChess"]
[Result "1-0"]
[WhiteElo "2913"]
[BlackElo "2771"]
[TimeControl "180+1"]
[EndTime "15:43:31 PDT"]
[Termination "emiliocordova won by resignation"]

1. d4 g6 2. Nf3 Bg7 3. g3 f5 4.
Bg2 Nf6 5. O-O O-O 6. c4 d6 7. Nc3 c6 8. b3 a5 9. Bb2 Na6 10. e3 Qc7 11. Rc1 e5 12. Nb5 cxb5 13. cxb5 Qb6 14. dxe5 dxe5 15. bxa6 e4 16. axb7 Bxb7 17. Bd4 Qb5 18. Nd2 Rac8 19. Re1 Ng4 20. Bf1 Qb4 21. Rc4 Rxc4 22. Bxc4+ Kh8 23. Qa1 Bf6 24. Rd1 Kg7 25. h3 Bxd4 26. Qxd4+ Nf6 27. Nf1 a4 28. g4 fxg4 29.
hxg4 h6 30. Ng3 axb3 31. axb3 Qe7 32. Qd6 Re8 33. Qxe7+ Rxe7 34. Be2 Bc8 35. Rd4 Bxg4 36. Bxg4 Nxg4 37. Rxe4 Ne5 38. b4 Nf3+ 39. Kg2 Rf7 40. b5 Ne1+ 41. Kf1 Nd3 42. f4 Rb7 43. Rd4 Nxf4 44.
Rxf4 Rxb5 45. Kf2 h5 46. Rc4 Rb7 47. Rc6 Kh6 48. Ne2 Kg5 49. Nf4 Rf7 50. Rxg6+ Kh4 51. Rh6 Kg4 52. Kg2 Rg7 53. Rxh5 Rf7 54. Re5 Rb7 55. Kf2 Rb2+ 56. Ne2 Ra2 57. Re4+ Kh3 58. Rf4 Ra3 59. e4 Kh2 60. Rh4+ 1-0

[Event "Late-Titled-Tuesday-Blitz-May-14-2024"]
[Site "Chess.com"]
[Date "2024.05.14"]
[Round "9"]
[White "Quattroporte300"]
[Black "ImportedItalianMaple"]
[Result "0-1"]
[WhiteElo "2453"]
[BlackElo "2577"]
[TimeControl "180+1"]
[EndTime "15:43:31 PDT"]
[Termination "ImportedItalianMaple won on time"]

1. e4 g6 2. d4 Bg7 3. Nc3 d5 4.
exd5 Nf6 5. Bc4 Nbd7 6. Qf3 Nb6 7. Bb3 a5 8. a4 Bg4 9. Qg3 Bf5 10. Qf3 Bg4 11.
Qg3 h5 12. h3 Bf5 13. Qf3 Qd7 14. Nge2 O-O-O 15. Ng3 Nbxd5 16. Nxf5 Qxf5 17. Qxf5+ gxf5 18. Nxd5 Nxd5 19. Bd2 Bxd4 20. O-O-O Bxf2 21. Bxa5 e6 22. Bxd5 Rxd5 23. Rxd5 exd5 24. Rf1 Be3+ 25. Bd2 f4 26. Kd1 Rg8 27. Bxe3 fxe3 28. Rxf7 Rxg2 29. Rf5 Rd2+ 30.
Kc1 h4 31. Re5 d4 32. c3 dxc3 33. bxc3 Ra2 34. Rxe3 Rxa4 35. Kc2 b5 36. Kd3 Kb7 37. Re5 c6 38. Rh5 Kb6 39. Rh6 Rc4 40. Rh5 Ka5 41. Rh6 Ka4 42. Rh5 Kb3 43. Rh6 Rxc3+ 44. Kd2 Rc4 45. Ke3 c5 46. Kf3 b4 0-1

[Event "Late-Titled-Tuesday-Blitz-May-14-2024"]
[Site "Chess.com"]
[Date "2024.05.14"]
[Round "9"]
[White "gamboajp"]
[Black "ChEsper99"]
[Result "0-1"]
[WhiteElo "2026"]
[BlackElo "2241"]
[TimeControl "180+1"]
[EndTime "15:43:31 PDT"]
[Termination "ChEsper99 won on time"]

1. c4 c5 2. Nf3 g6 3. d4 cxd4 4. Nxd4 Bg7 5. e4 Nc6 6. Nc2 Nf6 7. Nc3 O-O 8. Be2 d6 9. O-O Be6 10. b3 a6 11. Bd2 Nd7 12. Rc1 f5 13. exf5 Bxf5 14.
Ne3 Be6 15. Ned5 Bxd5 16. Nxd5 Nf6 17. Nf4 Qd7 18. Bc3 Kh8 19. Bd3 e5 20. Nd5 Nxd5 21.
cxd5 Ne7 22. Be4 Rac8 23. Bb4 Nf5 24. Rxc8 Rxc8 25. Bxf5 gxf5 26. Qd2 Bf8 27. Rc1 Rc7 28. Rxc7 Qxc7 29. h3 Be7 30. Qh6 Qd7 31. Qh5 Kg7 32.
f4 e4 33. Bc3+ Kg8 34. Qh6 Bd8 35. h4 Qe7 36. h5 Bb6+ 37. Kf1 Qf8 38. Qg5+ Kf7 39.
h6 Ke8 40. Qh5+ Qf7 41. Qg5 Bd8 0-1